Map: [ESL] Altitude

Players

Reynor - Winner!

  • Race: Zerg Zerg

Oliveira

  • Race: Terran Terran

Event: IEM Katowice 2023

VOD

Have the link to the VOD?

Description

Time

  • Played on: Feb. 12, 2023, 7:47 a.m.
  • Length: 8:45

All games in this series

Show
View Real Time Build Order
Export as new Build Order

Reynor Zerg - Winner!

Build Orders: Hatch First 

Get SALT Encoding   

  12  0:00  Drone  
  13  0:12  Drone  
  14  0:16  Overlord  
  14  0:23  Extractor, Drone  
  15  0:35  Drone x2  
  17  0:52  Hatchery  
  17  0:55  Drone  
  17  0:59  Drone  
  18  1:06  Drone  
  18  1:10  Extractor  
  18  1:17  Spawning Pool  
  17  1:20  Drone  
  18  1:27  Drone  
  19  1:38  Drone  
  20  1:48  Overlord  
  20  2:03  Queen x2  
  20  2:04  Zergling x4  
  26  2:10  Drone  
  26  2:14  Drone  
  28  2:20  Metabolic Boost  
  28  2:22  Drone  
  29  2:25  Drone  
  30  2:37  Hatchery  
  30  2:39  Drone  
  30  2:42  Drone  
  31  2:44  Drone  
  31  2:49  Overlord  
  32  2:53  Drone  
  33  2:59  Queen  
  33  3:02  Drone  
  36  3:09  Pneumatized Carapace  
  35  3:13  Drone x2  
  35  3:14  Overlord  
  35  3:17  Drone  
  35  3:19  Drone  
  39  3:20  Drone  
  39  3:23  Drone  
  41  3:29  Drone  
  41  3:32  Drone  
  43  3:34  Queen  
  43  3:39  Overlord  
  45  3:42  Drone  
  46  3:49  Drone, Queen  
  46  3:51  Drone  
  46  3:53  Drone, Queen  
  53  4:02  Drone x2  
  55  4:05  Zergling x2  
  55  4:08  Drone x3, Roach Warren  
  58  4:11  Overlord  
  58  4:16  Lair  
  58  4:18  Drone  
  58  4:22  Extractor, Overlord  
  58  4:23  Drone  
  58  4:24  Drone  
  60  4:27  Drone x2  
  60  4:28  Drone  
  63  4:32  Queen  
  63  4:36  Drone  
  63  4:37  Drone  
  67  4:38  Overlord  
  67  4:43  Queen  
  69  4:47  Roach  
  69  4:48  Roach  
  69  4:50  Roach  
  69  4:52  Roach  
  77  4:54  Drone  
  77  4:55  Extractor, Drone  
  77  4:58  Overlord  
  77  4:59  Extractor, Drone  
  78  5:02  Drone, Spore Crawler  
  78  5:04  Drone x2  
  78  5:06  Drone  
  81  5:10  Spore Crawler  
  81  5:11  Drone  
  81  5:13  Spore Crawler  
  80  5:15  Queen  
  82  5:21  Drone  
  82  5:23  Drone, Spire  
  82  5:24  Drone  
  82  5:26  Drone x2  
  82  5:28  Drone  
  87  5:32  Drone, Spore Crawler  
  87  5:34  Drone  
  88  5:35  Spore Crawler  
  88  5:37  Overlord  
  88  5:38  Drone  
  88  5:43  Overseer  
  88  5:44  Drone  
  89  5:50  Overlord x2  
  89  5:54  Queen  
  89  5:56  Drone x4  
  89  5:57  Drone  
  96  5:58  Extractor, Drone  
  96  6:01  Overlord, Extractor  
  96  6:04  Overlord  
  95  6:05  Extractor  
  95  6:09  Overlord, Glial Reconstitution  
  95  6:10  Extractor  
  95  6:11  Drone x2  
  97  6:13  Drone x2  
  97  6:15  Overlord  
  99  6:19  Overlord  
  99  6:23  Zergling x6  
  99  6:25  Queen  
  104  6:37  Corruptor x4  
  112  6:40  Corruptor  
  112  6:44  Corruptor  
  116  6:48  Corruptor  
  116  6:51  Corruptor  
  116  6:53  Overlord  
  120  6:57  Corruptor  
  116  7:04  Corruptor x2  
  116  7:07  Corruptor  
  118  7:12  Queen  
  118  7:15  Corruptor  
  116  7:20  Overlord  
  118  7:25  Corruptor x2  
  122  7:32  Roach x4  
  122  7:35  Roach x2  
  130  7:37  Roach x2  
  130  7:41  Roach x2  
  130  7:44  Roach x2, Zergling x4  
  140  7:47  Overlord  
  142  7:55  Overlord, Hatchery  
  142  7:58  Roach x2  
  144  8:03  Roach  
  140  8:07  Corruptor x3  
  146  8:15  Roach x3, Evolution Chamber  
  157  8:20  Roach x3  
  157  8:23  Overlord  
  157  8:24  Roach  
Show
View Real Time Build Order
Export as new Build Order

Oliveira Terran 

Build Orders: Command Center First (CC), Mech 

Get SALT Encoding   

  12  0:00  SCV  
  13  0:12  SCV  
  14  0:17  Supply Depot  
  14  0:24  SCV  
  15  0:39  SCV  
  16  0:51  SCV  
  17  0:59  Command Center  
  17  1:03  SCV  
  18  1:08  Refinery  
  18  1:15  SCV  
  19  1:22  Barracks  
  19  1:27  SCV  
  19  1:31  Refinery  
  21  1:40  SCV  
  21  1:52  SCV  
  22  2:09  Reaper  
  22  2:10  Orbital Command  
  22  2:11  Orbital Command  
  23  2:17  Factory  
  23  2:27  Supply Depot  
  23  2:36  SCV  
  24  2:37  SCV  
  24  2:42  Barracks Reactor  
  25  2:48  SCV  
  25  2:49  SCV  
  27  3:00  SCV  
  27  3:01  SCV  
  27  3:03  Starport  
  29  3:08  Refinery  
  29  3:12  SCV  
  30  3:13  SCV  
  31  3:22  Hellion x2  
  31  3:24  Marine  
  31  3:26  SCV  
  31  3:27  SCV  
  38  3:33  Supply Depot  
  38  3:36  Refinery  
  38  3:38  Starport  
  38  3:40  SCV x2, Fusion Core  
  40  3:45  Starport Tech Lab  
  40  3:50  Marine  
  40  3:53  SCV  
  40  3:55  SCV  
  42  3:59  Supply Depot  
  42  4:02  Hellion x2  
  46  4:05  SCV  
  46  4:07  SCV  
  48  4:14  Starport Tech Lab  
  48  4:17  SCV  
  48  4:19  SCV  
  50  4:27  Battlecruiser  
  56  4:35  Supply Depot  
  56  4:42  Battlecruiser  
  62  4:46  Supply Depot  
  62  4:51  Weapon Refit  
  62  4:56  SCV x2  
  62  4:58  Supply Depot  
  64  5:01  Hellion  
  64  5:03  Hellion  
  68  5:08  SCV x2  
  70  5:17  Supply Depot  
  70  5:20  SCV x2  
  72  5:24  Hellion x2  
  76  5:32  Battlecruiser  
  82  5:36  Supply Depot  
  82  5:51  Command Center  
  82  5:55  Battlecruiser  
  88  6:02  Supply Depot  
  88  6:07  SCV  
  93  6:17  SCV  
  94  6:20  SCV  
  94  6:23  Supply Depot  
  91  6:28  Factory  
  91  6:29  SCV  
  91  6:31  Factory  
  92  6:33  Factory Tech Lab  
  92  6:35  SCV  
  93  6:41  SCV  
  93  6:46  Armory  
  93  6:47  Armory  
  94  6:57  SCV  
  94  6:59  Siege Tank  
  98  7:01  SCV  
  98  7:04  SCV  
  100  7:09  SCV  
  100  7:13  Widow Mine x2  
  100  7:14  Engineering Bay  
  105  7:20  Orbital Command, Factory Tech Lab  
  105  7:21  SCV  
  106  7:26  SCV  
  101  7:35  SCV  
  99  7:39  Cyclone  
  99  7:42  Missile Turret  
  99  7:44  Orbital Command, Missile Turret  
  102  7:50  Missile Turret  
  102  7:53  Hellion x2  
  102  7:55  Cyclone  
  102  7:56  SCV  
  102  7:58  Factory, SCV  
  108  8:00  Factory  
  108  8:01  Hellion x7  
  108  8:10  SCV  
  108  8:11  SCV  
  110  8:19  Widow Mine x2  
  116  8:22  SCV  
  116  8:23  SCV  

Tags
 
Add a new tag
Caveats
  • Supply blocks, unpowered buildings, or Contaminate may cause inaccurate times.
  • Supply counts are checked every 10 seconds.